 Dungeon Crawl Stone Soup version 0.30.1 (webtiles) character file.

Game seed: 17729521139558021042

537 H0rd4k the Sneak (level 7, -1/45 HPs)
             Began as an Octopode Artificer on July 5, 2023.
             Was an Initiate of Gozag.
             Slain by an orc wizard
             ... wielding a +0 dagger
              (3 damage)
             ... on level 4 of the Dungeon.
             The game lasted 00:03:25 (3649 turns).

H0rd4k the Sneak (Octopode Artificer)               Turns: 3649, Time: 00:03:26

Health: -1/45      AC:  1    Str: 11    XL:     7   Next: 25%
Magic:  7/7        EV: 14    Int: 21    God:    Gozag
Gold:   384        SH:  0    Dex: 13    Spells: 6/6 levels left

rFire   . .          .
                       - Unarmed
rCold   . . .        (no shield)
rNeg    . . .        (helmet restricted)
rPois   .            (no amulet)
rElec   .            d - +6 ring of intelligence
rCorr   .            q - ring of wizardry
SInv    .            (no ring)
Will    .....        (no ring)
Stlth   ++           (no ring)
HPRegen 0.27/turn    (no ring)
MPRegen 0.10/turn    (no ring)
                     (no ring)

%: wizardry (x1)
@: confused, invisible
A: almost no armour, amphibious, 8 rings, camouflage 1, gelatinous body 1,
(nimble swimmer 1), tentacles
a: Renounce Religion, Potion Petition, Call Merchant, Bribe Branch


You were on level 4 of the Dungeon.
You worshipped Gozag.
Gozag was aware of your devotion.
You visited 1 branch of the dungeon, and saw 4 of its levels.

You collected 456 gold pieces.
You paid 72 gold pieces to Gozag.

Inventory:

Armour
 p - the +0 hat of Oxzaycho {Harm rF+ Dex+7 Slay-3}
   (You found it on level 3 of the Dungeon)

   Dex:       It affects your dexterity (+7).
   Slay:      It affects your accuracy & damage with ranged weapons and melee
   (-3).
   rF:        It protects you from fire.
   Harm:      It increases damage dealt and taken.
Magical Staves
 w - a staff of cold
Jewellery
 d - a +6 ring of intelligence (left tentacle)
 q - a ring of wizardry (right tentacle)
Wands
 b - a wand of flame (3) (quivered)
 c - a wand of charming (11)
 r - a wand of digging (4)
 t - a wand of roots (7)
Scrolls
 a - a scroll of noise {unknown}
 f - 4 scrolls of identify {unknown}
 j - a scroll of brand weapon {unknown}
 k - a scroll of enchant weapon {unknown}
 l - 3 scrolls of teleportation {unknown}
 m - 2 scrolls of magic mapping {unknown}
Potions
 e - a potion of ambrosia {unknown}
 g - a potion of invisibility
 h - 2 potions of lignification {unknown}
 i - 2 potions of curing {unknown}
 n - a potion of experience {unknown}
 o - a potion of resistance {unknown}
 s - a potion of heal wounds {unknown}
 u - a potion of mutation {unknown}
 v - a potion of attraction {unknown}


   Skills:
 + Level 2.1 Fighting
 + Level 3.8 Dodging
 + Level 5.2 Stealth
 + Level 4.0 Unarmed Combat
 + Level 4.8 Evocations


You had 6 spell levels left.
You didn't know any spells.
Your spell library was empty.

Dungeon Overview and Level Annotations

Branches:
Dungeon (4/15)
 Temple: D:4-7

Altars:
Dithmenos
Gozag
Kikubaaqudgha
Uskayaw
Vehumet
Yredelemnul
Zin
Lugonu

Shops:
D:3 ?

Portals:
Abyss: D:3

Annotations:
D:3 2 runed translucent doors, exclusion: 2 doors


Innate Abilities, Weirdness & Mutations

You cannot wear most types of armour.
You are amphibious.
You can wear up to eight rings at the same time.
Your skin changes colour to match your surroundings (Stealth+).
Your rubbery body absorbs attacks. (AC +1, EV +1)
((You are camouflaged when in or above water. (Stealth+)))
You have tentacles for arms and can constrict up to eight enemies at once.


Message History

You are too confused!
You are too confused!
You release your grip on the orc wizard.
The orc wizard hits you with a +0 dagger.
The orc wizard barely misses you.
You bump into the stone wall.
The orc wizard gestures at you while chanting.
The puff of flame hits you! The orc wizard misses you.
You bump into the stone wall.
The orc wizard casts a spell.
The orc wizard flickers and vanishes!
Deactivating autopickup; reactivate with Ctrl-A.
The orc wizard casts a spell at you.
You are more confused.
You closely miss something. Something hits you.
The orc wizard hits you with a +0 dagger.
You're too confused to move!
Something hits you.
The orc wizard hits you with a +0 dagger.
You are too confused!
Unknown command.
You miss something. Something hits you.
The orc wizard points at you and mumbles some strange words.
You resist with some effort.
You closely miss something.
The orc wizard hits you with a +0 dagger.
Something hits you. Something hits you.
* * * LOW HITPOINT WARNING * * *
The orc wizard points at you and mumbles some strange words.
The magic dart hits you!
* * * LOW HITPOINT WARNING * * *
Unknown command.
Something hits you.
* * * LOW HITPOINT WARNING * * *
There is an open door here.
It was a potion of invisibility.
You fade into invisibility!
Something hits you.
You die...
Your body crumbles into a pile of gold.

#.....##.......#...#
#####.#########..###.#
......# ###.###.#
#..#### ##.....###
#..#... ##..⌠.⌠..##
.....# ##....⌠....##
#..### #....⌠.⌠....#
+..# #...........#
#..# ##'###@###+##
#.## #.).#o..#
#._.#._.# ######### $


You could see an orc wizard (unable to see you).

Vanquished Creatures
  Grinder (D:3)
  Eustachio (D:4)
  A hound (D:4)
  Ijyb (D:3)
  An orc wizard (D:4)
  3 adders
  3 worms (D:2)
  2 dart slugs (D:2)
  3 orcs (D:3)
  8 bats
  8 endoplasms
  6 giant cockroaches
  4 goblins
  6 hobgoblins
  12 jackals
  11 kobolds
  3 quokkas
  6 ball pythons
  7 frilled lizards
  3 rats (D:3)
90 creatures vanquished.

Vanquished Creatures (collateral kills)
  2 ball pythons (D:1)
  A kobold (D:3)
  A frilled lizard (D:1)
  2 rats
6 creatures vanquished.

Vanquished Creatures (others)
  An endoplasm (D:3)
  A goblin (D:1)
  A frilled lizard (D:3)
3 creatures vanquished.

Grand Total: 99 creatures vanquished

Notes
Turn   | Place    | Note
-------+----------+-------------------------------------------
     0 | D:1      | H0rd4k the Octopode Artificer began the quest for the Orb.
     0 | D:1      | Reached XP level 1. HP: 13/13 MP: 1/1
    51 | D:1      | Reached XP level 2. HP: 4/18 MP: 2/2
   366 | D:1      | Reached XP level 3. HP: 21/23 MP: 3/3
  1142 | D:2      | Reached skill level 2 in Stealth
  1264 | D:2      | Reached XP level 4. HP: 13/28 MP: 4/4
  1368 | D:2      | Reached skill level 1 in Unarmed Combat
  2160 | D:3      | Identified the +0 hat of Oxzaycho {Harm rF+ Dex+7 Slay-3}
  2393 | D:3      | Found an opulent altar of Gozag.
  2443 | D:3      | Found Toatra's Magic Scroll Shop.
  2464 | D:3      | Became a worshipper of Gozag Ym Sagoz the Greedy
  2508 | D:3      | Found a one-way gate to the infinite horrors of the Abyss.
  2538 | D:3      | Noticed Grinder
  2546 | D:3      | Paralysed by Grinder for 4 turns
  2557 | D:3      | Paralysed by Grinder for 3 turns
  2563 | D:3      | Killed Grinder
  2564 | D:3      | Reached skill level 4 in Stealth
  2564 | D:3      | Reached XP level 5. HP: 21/34 MP: 5/5
  2564 | D:3      | Reached XP level 6. HP: 24/39 MP: 6/6
  2870 | D:3      | Noticed Ijyb
  2918 | D:3      | Killed Ijyb
  2921 | D:3      | Found a large runed translucent door.
  2921 | D:3      | Found a large runed translucent door.
  2925 | D:3      | Found a corrupted altar of Lugonu.
  3244 | D:4      | Found a glowing silver altar of Zin.
  3271 | D:4      | Found a shadowy altar of Dithmenos.
  3271 | D:4      | Found a faded altar of an unknown god.
  3279 | D:4      | Found a basalt altar of Yredelemnul.
  3279 | D:4      | Noticed Eustachio
  3282 | D:4      | Found a hide-covered altar of Uskayaw.
  3283 | D:4      | Found a faded altar of an unknown god.
  3289 | D:4      | Killed Eustachio
  3290 | D:4      | Reached skill level 5 in Stealth
  3290 | D:4      | Reached XP level 7. HP: 25/45 MP: 7/7
  3613 | D:4      | Found a radiant altar of Vehumet.
  3634 | D:4      | Found an ancient bone altar of Kikubaaqudgha.
  3648 | D:4      | HP: 1/45 [something (3)]
  3649 | D:4      | Slain by an orc wizard

Illustrated notes

Levels and vault maps discovered:
D:1:      zaba_arrival_water, layout_basic, st_stairs_1
D:2:      layout_basic
D:3:      due_chaos_kobolds, layout_rooms, amcnicky_altar_gilded, serial_shops,
          shop, uniq_grinder, uniq_ijyb
D:4:      layout_loops_cross, palyth_temple_overflow_mages, tso_metal_star,
          mainiacjoe_overflow_boulevard, chequers_temple_overflow_minitemple,
          supply_closet_lemuel, hex_tiny, uniq_eustachio

Skill      XL: |  1  2  3  4  5  6  7 |
---------------+----------------------+-----
Evocations     | 4 |  4.8
Dodging        | 3 |  3.8
Stealth        | 2 4 5 |  5.2
Unarmed Combat | 3 4 |  4.0
Fighting       | 2 |  2.1

Action                     |  1- 3 |  4- 6 |  7- 9 || total
---------------------------+-------+-------+-------++-------
  Melee: Unarmed           |   108 |    92 |    34 ||   234
         Constrict         |    26 |    21 |    10 ||    57
         Tentacles         |    20 |    28 |     5 ||    53
         Punch             |     4 |     2 |     2 ||     8
  Evoke: Wand              |     3 |    19 |       ||    22
    Use: Potion            |       |       |     1 ||     1
   Stab: Sleeping          |     9 |     4 |     1 ||    14
         Distracted        |       |       |     1 ||     1
 Armour: Skin              |     9 |    10 |     3 ||    22
  Dodge: Dodged            |    77 |    61 |    16 ||   154
